 Dungeon Crawl Stone Soup version 0.18-a0-674-g00855b9 (webtiles) character file.

189 Raultor the Insei (level 5, 0/29 HPs)
             Began as a Vine Stalker Monk on Dec 6, 2015.
             Slain by a gnoll
             ... wielding a +0 halberd
              (6 damage)
             ... on level 2 of the Dungeon.
             The game lasted 00:06:57 (1690 turns).

Raultor the Insei (Vine Stalker Monk)               Turns: 1690, Time: 00:06:57

Health: 0/29       AC:  4    Str: 14    XL:     5   Next: 68%
Magic:  0/6        EV: 13    Int: 10    God:
Gold:   52         SH:  0    Dex: 17    Spells: 0 memorised, 4 levels left

rFire  . . .     SeeInvis .       - Unarmed
rCold  . . .     Clarity  .     a - +0 robe
rNeg   . . .     SustAt   .     (no shield)
rPois  +         Gourm    .     f - +1 hat
rElec  .         Spirit   +     c - +0 cloak
rCorr  .         Dismiss  .     (no gloves)
rMut   .         Stasis   .     (no boots)
MR     .....                    g - amulet of inaccuracy (curse)
Stlth  ++........               (no ring)
                                e - ring of poison resistance {rPois, !d}

@: not resistant to hostile enchantments, unstealthy
A: fangs 2, regeneration 1, magic shield, antimagic bite, no device heal 3, rot
immunity
a: no special abilities


You were on level 2 of the Dungeon.
You were not hungry.

You visited 1 branch of the dungeon, and saw 3 of its levels.

You collected 52 gold pieces.

Inventory:

Armour
 a - a +0 robe (worn)
 c - a +0 cloak (worn)
   (You took it off Crazy Yiuf on level 2 of the Dungeon)
 f - a +1 hat (worn)
   (You found it on level 2 of the Dungeon)
Jewellery
 e - a ring of poison resistance (left hand) {rPois, !d}
   (You found it on level 1 of the Dungeon)
 g - a cursed amulet of inaccuracy (around neck)
   (You found it on level 1 of the Dungeon)
Scrolls
 j - a scroll of identify
Potions
 d - a potion of curing
 i - a potion of heal wounds {unknown}
Comestibles
 b - 2 bread rations {@e1}
 h - a meat ration {@e2}


   Skills:
 * Level 3.9 Fighting
 - Level 0.4 Armour
 + Level 3.0 Dodging
 - Level 2.4 Stealth
 * Level 5.3 Unarmed Combat


You had 4 spell levels left.
You didn't know any spells.

Dungeon Overview and Level Annotations

Branches:
Dungeon (3/15)

Altars:

Annotations:
D:3 Raultor's ghost, amateur HESk


Innate Abilities, Weirdness & Mutations

You have extremely sharp teeth.
Your natural rate of healing is unusually fast.
When hurt, damage is shared between your health and your magic reserves.
Your bite disrupts and absorbs the magic of your enemies.
Potions and wands cannot restore your health.
You are immune to rotting.


Message History

Things that are here:
a jackal corpse x3
Some of the chunks of flesh in your inventory have rotted away.
You see here a robe.
Raultor's ghost (amateur High Elf Skald) comes into view.
Health restored: 29 Raultor's ghost turns its malevolent gaze towards you.
Raultor's ghost misses you.
You closely miss Raultor's ghost. Your bite misses Raultor's ghost.
You miss Raultor's ghost.
Raultor's ghost lets out a mournful wail.
Raultor's ghost hits you.
You take 3 damage, and have 26/29 hp.
You now have 5/6 mp.
You barely miss Raultor's ghost. Raultor's ghost hits you!
You take 8 damage, and have 18/29 hp.
MASSIVE DAMAGE!!
You now have 4/6 mp.
You hit Raultor's ghost but do no damage.
Your bite misses Raultor's ghost. Raultor's ghost closely misses you.
You closely miss Raultor's ghost. Raultor's ghost misses you.
You are feeling hungry.
You miss Raultor's ghost.
You bite Raultor's ghost, but do no damage.
Raultor's ghost hits you but does no damage.
Unknown command.
You closely miss Raultor's ghost. Your bite misses Raultor's ghost.
Raultor's ghost closely misses you.
You barely miss Raultor's ghost. Raultor's ghost hits you.
You now have 3/6 mp.
You hit Raultor's ghost. Raultor's ghost hits you!
You take 5 damage, and have 14/29 hp.
You now have 2/6 mp.
You are too injured to fight recklessly!
You are too injured to fight recklessly!
You are too injured to fight recklessly!
You closely miss Raultor's ghost. You barely miss Raultor's ghost.
Raultor's ghost closely misses you.
You hit Raultor's ghost.
You bite Raultor's ghost, but do no damage.
Raultor's ghost hits you.
You take 4 damage, and have 10/29 hp.
You now have 1/6 mp.
You hit Raultor's ghost but do no damage.
Raultor's ghost barely misses you.
You completely miss Raultor's ghost. Raultor's ghost closely misses you.
You closely miss Raultor's ghost. Your bite misses Raultor's ghost.
Raultor's ghost hits you.
You take 1 damage, and have 10/29 hp.
You barely miss Raultor's ghost. Your punch misses Raultor's ghost.
Your bite misses Raultor's ghost. Raultor's ghost hits you!
* * * LOW HITPOINT WARNING * * *
You take 6 damage, and have 4/29 hp.
MASSIVE DAMAGE!!
You now have 1/6 mp.
You see here a robe.
Things that are here:
a jackal corpse x3
Raultor's ghost shrieks, "I have seen your future, and it is all used up."
As you open the door, it creaks loudly!
There is an open door here.
Raultor's ghost stares at you.
There is an open door here.
There is a stone staircase leading up here.
You see here 4 tomahawks.
Raultor's ghost hits you.
You climb upwards.
There is a stone staircase leading down, spattered with blood here.
You take 2 damage, and have 13/29 hp.
Eating a chunk of flesh {@w0}.
You continue eating. x2
Things that are here:
a flail; a robe; a dagger The gnoll is too close now for your liking.
You regained 4 hp, and now have 17/29 hp.
MP restored: 6 You are too injured to fight recklessly!
The gnoll shouts!
The gnoll misses you.
Things that are here:
a flail; a robe; a dagger
There is a stone staircase leading down, spattered with blood here.
The gnoll misses you.
Things that are here:
a flail; a robe; a dagger You hit the gnoll but do no damage.
The gnoll closely misses you.
You barely miss the gnoll. The gnoll hits you with a halberd!
You take 10 damage, and have 12/29 hp.
MASSIVE DAMAGE!!
You now have 4/6 mp.
You hit the gnoll but do no damage. You hit the gnoll but do no damage.
You bite the gnoll. You drain its power.
You feel invigorated. The gnoll hits you with a halberd!
* * * LOW HITPOINT WARNING * * *
You take 5 damage, and have 8/29 hp.
You barely miss the gnoll. The gnoll barely misses you.
You hit the gnoll. You bite the gnoll. You drain its power.
You feel invigorated. The gnoll hits you with a halberd.
* * * LOW HITPOINT WARNING * * *
You take 3 damage, and have 5/29 hp.
You now have 3/6 mp.
You barely miss the gnoll.
The gnoll hits you from afar with a halberd!
You die...

#....# ####.........#
######.#### #........>....
#...<.....# #.##.#.##.....
#.........###.##...###..#.
#.............####..##..?.
#..........#### #......#.
#.........## ####......
#.........# ##.....##..
#........@######.......)..
#........>)g............##
#........[######........#
########### #........#
##########


You could see a gnoll.

Vanquished Creatures
  An orc wizard (D:2)
  Crazy Yiuf (D:2)
  An orc priest (D:2)
  An adder (D:2)
  2 gnolls
  An ooze (D:1)
  A worm (D:2)
  2 giant geckos (D:2)
  3 orcs
  8 bats
  3 giant cockroaches
  5 goblins
  9 hobgoblins
  6 jackals
  2 ball pythons (D:1)
  A giant newt (D:1)
  5 kobolds
  7 rats
59 creatures vanquished.

Notes
Turn   | Place    | Note
--------------------------------------------------------------
     0 | D:1      | Raultor the Vine Stalker Monk began the quest for the Orb.
     0 | D:1      | Reached XP level 1. HP: 11/11 MP: 2/2
    39 | D:1      | Reached XP level 2. HP: 16/16 MP: 3/3
   230 | D:1      | Reached XP level 3. HP: 17/19 MP: 2/4
   289 | D:1      | Reached skill level 3 in Fighting
   789 | D:2      | Reached XP level 4. HP: 16/24 MP: 5/5
  1171 | D:2      | Noticed Crazy Yiuf
  1179 | D:2      | Killed Crazy Yiuf
  1179 | D:2      | Reached skill level 5 in Unarmed Combat
  1214 | D:2      | Reached XP level 5. HP: 28/28 MP: 6/6
  1253 | D:2      | HP: 7/28 [orc priest/flail of holy wrath (5)]
  1349 | D:2      | Reached skill level 3 in Dodging
  1594 | D:3      | Noticed Raultor's ghost (amateur HESk)
  1612 | D:3      | HP: 4/29 [Raultor's ghost (7)]
  1688 | D:2      | HP: 5/29 [gnoll/halberd (3)]
  1690 | D:2      | Slain by a gnoll

Vault maps used:
D:1:      onia_arrival_handbag
D:2:      uniq_crazy_yiuf_cottage
D:3:      st_stairs_13

Action                   |  1- 3 |  4- 6 || total
-------------------------+-------+-------++-------
Melee: Unarmed           |   114 |   117 ||   231
  Use: Scroll            |     2 |       ||     2
 Stab: Sleeping          |     6 |       ||     6
  Eat: Chunk             |       |     3 ||     3

Vault maps used:
D:1:      onia_arrival_handbag
D:2:      uniq_crazy_yiuf_cottage
D:3:      st_stairs_13

Table legend:
 A = Turns spent in this place as a percentage of turns spent in the entire game.
 B = Non-inter-level travel turns spent in this place as a percentage of non-inter-level travel turns spent in the entire game.
 C = Inter-level travel turns spent in this place as a percentage of turns spent in this place.
 D = Turns resting spent in this place as a percentage of non-inter-level travel turns spent in this place.
 E = Turns spent auto-exploring this place as a percentage of non-inter-level travel turns spent in this place.
 F = Non-inter-level travel turns spent in this place divided by the number of levels of this place that you've seen.
                   A       B       C       D       E      F
               +-------+-------+-------+-------+-------+----------------------
         Total | 100.0 | 100.0 |   1.0 |   0.9 |   9.2 | 232.0
       Dungeon | 100.0 | 100.0 |   1.0 |   0.9 |   9.2 | 232.0
               +-------+-------+-------+-------+-------+----------------------

Table legend:
 A = Kills in this place as a percentage of kills in entire the game.
 B = Kills by you in this place as a percentage of kills by you in the entire game.
 C = Kills by friends in this place as a percentage of kills by friends in the entire game.
 D = Other kills in this place as a percentage of other kills in the entire game.
 E = Experience gained in this place as a percentage of experience gained in the entire game.
 F = Experience gained in this place divided by the number of levels of this place that you have seen.
                   A       B       C       D       E      F
               +-------+-------+-------+-------+-------+----------------------
         Total | 100.0 | 100.0 |  -nan |  -nan | 100.0 |  90.3
       Dungeon | 100.0 | 100.0 |  -nan |  -nan | 100.0 |  90.3
               +-------+-------+-------+-------+-------+----------------------
